 Dungeon Crawl Stone Soup version 0.25-a0-667-gb977e01cb5 (webtiles) character file.

Game seed: 1865775188527259152, levelgen mode: deterministic

255 kae the Conjurer (level 6, -1/32 HPs)
             Began as a Tengu Air Elementalist on Mar 27, 2020.
             Was an Initiate of Vehumet.
             Slain by a gnoll (6 damage)
             ... on level 4 of the Dungeon.
             The game lasted 00:02:48 (3304 turns).

kae the Conjurer (Tengu Air Elementalist)           Turns: 3304, Time: 00:02:48

Health: -1/32      AC:  2    Str:  9    XL:     6   Next: 15%
Magic:  2/11       EV: 15    Int: 14    God:    Vehumet [......]
Gold:   85         SH:  0    Dex: 14    Spells: 3/11 levels left

rFire    . . .     SeeInvis .   j - +3 hand axe (freeze)
rCold    . . .     Gourm    .   (no shield)
rNeg     . . .     Faith    .   a - +0 robe
rPois    .         Spirit   .   (helmet restricted)
rElec    .         Reflect  .   (no cloak)
rCorr    .         Harm     .   (no gloves)
MR       .....                  (boots unavailable)
Stlth    ++........             (no amulet)
HPRegen  0.10/turn              d - -3 ring of intelligence
MPRegen  0.12/turn              (no ring)

@: flying quickly and evasively, quick
A: beak, talons 3, able to fly
a: Stop Flying, Renounce Religion


You were on level 4 of the Dungeon.
You worshipped Vehumet.
Vehumet was noncommittal.
You were hungry.

You visited 1 branch of the dungeon, and saw 4 of its levels.

You collected 85 gold pieces.

Inventory:

Hand Weapons
 h - a +0 whip
 j - a +3 hand axe of freezing (weapon)
Armour
 a - a +0 robe (worn)
Jewellery
 d - a -3 ring of intelligence (left hand)
Scrolls
 b - 3 scrolls of identify
 k - a scroll of remove curse
Potions
 e - 2 potions of stabbing
 f - 2 potions of lignification
 g - a potion of ambrosia {unknown}
 i - 2 potions of degeneration {unknown}
 l - a potion of flight
 m - a potion of curing {unknown}
 o - a potion of brilliance {unknown}
 p - a potion of might
Comestibles
 c - 4 rations
 n - 6 chunks of flesh


   Skills:
 - Level 2.1 Dodging
 - Level 2.0 Stealth
 + Level 3.3 Spellcasting
 * Level 5.6 Conjurations
 + Level 5.5 Air Magic


You had 3 spell levels left.
You knew the following spells:

 Your Spells              Type           Power        Failure   Level  Hunger
a - Shock                 Conj/Air       ###.         1%          1    #......
b - Static Discharge      Conj/Air       ###.....     6%          3    ###....
c - Airstrike             Air            ###.......   22%         4    #####..

Your spell library contained the following spells:

 Spells                   Type           Power        Failure   Level  Hunger
 Swiftness                Chrm/Air       ##......     10%         2    ##.....
 Lightning Bolt           Conj/Air       ###.......   50%         5    ######.


Dungeon Overview and Level Annotations

Branches:
Dungeon (4/15)
 Temple: D:4-7

Altars:
Uskayaw
Vehumet


Innate Abilities, Weirdness & Mutations

You have a beak for a mouth.
You have claws for feet.
You can fly continuously.


Message History

Confirm with . or Enter, or press ? or * to list all spells.
The gnoll shaman is struck by an arc of lightning.
The gnoll shaman is severely wounded.
The gnoll is struck by an arc of lightning.
The gnoll is heavily wounded.
You are struck by an arc of lightning.
The lightning grounds out.
The gnoll hits you with a +0 flail. The gnoll barely misses you.
The gnoll shaman calls upon its god to speed up the gnoll.
The gnoll seems to speed up.
Casting: Static Discharge (safe; 6% risk of failure)
Confirm with . or Enter, or press ? or * to list all spells.
The gnoll is struck by an arc of lightning.
The gnoll is almost dead.
You are struck by an arc of lightning.
The lightning grounds out.
The gnoll misses you. The gnoll hits you but does no damage.
The gnoll shaman hits you with a +0 whip.
* * * LOW HITPOINT WARNING * * *
The gnoll barely misses you. The gnoll hits you.
You die...

..........
........
....... .....
...g .#### #..
......#g##?#.#.
#.g@g..%...
###.......#
####.#..# # #


You could see a gnoll shaman and 3 gnolls.

Vanquished Creatures
  An ogre (D:3)
  An orc priest (D:3)
  Jessica (D:2)
  A gnoll (D:4)
  3 adders (D:3)
  A worm (D:3)
  2 dart slugs
  A leopard gecko (D:1)
  4 orcs (D:3)
  5 giant cockroaches
  5 goblins
  12 hobgoblins
  4 jackals (D:2)
  9 kobolds
  2 quokkas
  A ball python (D:2)
  9 bats
  3 frilled lizards
  5 rats
70 creatures vanquished.

Notes
Turn   | Place    | Note
-------+----------+-------------------------------------------
     0 | D:1      | kae the Tengu Air Elementalist began the quest for the Orb.
     0 | D:1      | Reached XP level 1. HP: 10/10 MP: 4/4
   187 | D:1      | Reached XP level 2. HP: 12/15 MP: 0/6
   767 | D:1      | Reached XP level 3. HP: 17/19 MP: 1/7
  1463 | D:2      | Noticed Jessica
  1514 | D:2      | Killed Jessica
  1514 | D:2      | Reached XP level 4. HP: 24/24 MP: 1/8
  1574 | D:2      | Found a hide-covered altar of Uskayaw.
  2255 | D:3      | Learned a level 3 spell: Static Discharge
  2260 | D:3      | Learned a level 4 spell: Airstrike
  2693 | D:3      | Found a faded altar of an unknown god.
  2733 | D:3      | Reached skill level 5 in Air Magic
  2733 | D:3      | Gained mutation: You can fly continuously. [Tengu growth]
  2733 | D:3      | Reached XP level 5. HP: 28/28 MP: 5/10
  3038 | D:3      | Found a radiant altar of Vehumet.
  3047 | D:3      | Became a worshipper of Vehumet
  3073 | D:3      | Noticed an ogre
  3080 | D:3      | Killed an ogre
  3080 | D:3      | Reached skill level 5 in Conjurations
  3080 | D:3      | Reached XP level 6. HP: 30/32 MP: 3/11
  3304 | D:4      | Slain by a gnoll

Levels and vault maps discovered:
D:1:      minmay_arrival_wavy_path, layout_basic, serial_glass, glass_columns_b,
          glass_columns_b, glass_columns_b, feat_on_display, glass_columns_c,
          minmay_misc_feat_secret_circle, corner_web_ring
D:2:      layout_basic, lemuel_doored_altar, uniq_jessica
D:3:      layout_rooms, vehumet_crystals, chequers_ecumenical_altar_island
D:4:      corexii_shack_village, layout_loops_ring, old_standard_altar,
          okawaru_altar_gauntlet_db, serial_shops, shop

Skill      XL: |  1  2  3  4  5 |
---------------+----------------+-----
Conjurations   | 2 3 4 5 |  5.6
Air Magic      | 5 |  5.5
Spellcasting   | 3 |  3.3
Dodging        | |  2.1
Stealth        | |  2.0

Action                   |  1- 3 |  4- 6 || total
-------------------------+-------+-------++-------
Melee: Unarmed           |     7 |       ||     7
       Kick              |     8 |     2 ||    10
       Whip              |    15 |       ||    15
       Peck              |     4 |     3 ||     7
       Hand axe          |    13 |    21 ||    34
 Cast: Shock             |    47 |    77 ||   124
       Static Discharge  |       |     3 ||     3
 Abil: Fly               |       |     1 ||     1
  Use: Scroll            |       |    10 ||    10
 Stab: Sleeping          |       |     2 ||     2
  Eat: Chunk             |     3 |     6 ||     9
Armor: Robe              |     6 |     6 ||    12
Dodge: Dodged            |    28 |    26 ||    54

Table legend:
 A = Non-vault XP
 B = Vault XP
 C = Vault XP percentage of total XP
 D = Non-vault monster count
 E = Vault monster count
 F = Vault count percentage of total count
                 A         B        C        D         E       F
            +---------+---------+-------+---------+---------+-------
      Total |     328 |      37 |  10.1 |      69 |       1 |   1.4
            +---------+---------+-------+---------+---------+-------
        D:1 |      35 |       0 |   0.0 |      21 |       0 |   0.0
        D:2 |      28 |      37 |  56.9 |      16 |       1 |   5.9
        D:3 |     251 |       0 |   0.0 |      31 |       0 |   0.0
        D:4 |      14 |       0 |   0.0 |       1 |       0 |   0.0
            +---------+---------+-------+---------+---------+-------
